 Dungeon Crawl Stone Soup version 0.29.1-12-g30fa7ad0bf (webtiles) character file.

Game seed: 14382909383938991934

1136 xian the Schismatic (level 8, 0/61 HPs)
             Began as a Demonspawn Abyssal Knight on Dec 16, 2022.
             Was an Elder of Lugonu.
             Slain by an ice beast (9 damage)
             ... on level 5 of the Dungeon.
             The game lasted 00:14:14 (5827 turns).

xian the Schismatic (Demonspawn Abyssal Knight)     Turns: 5827, Time: 00:14:14

Health: 0/61       AC: 17    Str: 16    XL:     8   Next: 14%
Magic:  12/12      EV:  7    Int: 11    God:    Lugonu [****..]
Gold:   106        SH:  4    Dex: 14    Spells: 7/7 levels left

rFire   . . .      SeeInvis .   D - +0 hand axe (venom)
rCold   . . .      Faith    .   a - +0 buckler
rNeg    . . .      Spirit   .   b - +0 chain mail
rPois   .          Reflect  .   h - +0 hat
rElec   .          Harm     .   x - +2 cloak
rCorr   .          Rampage  .   e - +2 pair of gloves
Will    .....                   (no boots)
Stlth   ..........              i - amulet of magic regeneration
HPRegen 0.20/turn               (no ring)
MPRegen 0.53/turn               (no ring)

@: hasted, very quick
A: horns 2, molten scales 1
a: Renounce Religion, Depart the Abyss, Bend Space, Banish, Corrupt


You were on level 5 of the Dungeon.
You worshipped Lugonu.
Lugonu was greatly pleased with you.
You visited 1 branch of the dungeon, and saw 5 of its levels.
You visited the Abyss 1 time.

You collected 178 gold pieces.
You spent 72 gold pieces at shops.

Inventory:

Hand Weapons
 D - a +0 hand axe of venom (weapon)
Missiles
 z - a boomerang (quivered)
 A - 6 poisoned darts
Armour
 a - a +0 buckler (worn)
 b - a +0 chain mail (worn)
 e - a +2 pair of gloves (worn)
 h - a +0 hat (worn)
 p - a +0 kite shield
 s - a scarf of harm
 x - a +2 cloak (worn)
Jewellery
 i - an amulet of magic regeneration (around neck)
Wands
 w - a wand of flame (19)
Scrolls
 k - 2 scrolls of magic mapping {unknown}
 l - 2 scrolls of amnesia
 n - a scroll of blinking
 o - 5 scrolls of teleportation {unknown}
 r - 2 scrolls of poison {unknown}
 u - 3 scrolls of fear
 v - a scroll of enchant weapon
 y - 2 scrolls of enchant armour {unknown}
 E - a scroll of summoning {unknown}
Potions
 c - a potion of ambrosia {unknown}
 d - 3 potions of lignification {unknown}
 f - a potion of magic {unknown}
 g - 2 potions of heal wounds {unknown}
 j - a potion of mutation {unknown}
 q - a potion of cancellation
 t - 2 potions of berserk rage {unknown}
 B - 3 potions of curing {unknown}
 C - 3 potions of might {unknown}


   Skills:
 + Level 4.4 Fighting
 + Level 5.4 Axes
 + Level 3.7 Armour
 + Level 2.4 Dodging
 + Level 0.3 Stealth
 + Level 2.6 Shields
 * Level 5.8 Invocations


You had 7 spell levels left.
You didn't know any spells.
Your spell library contained the following spells:

 Spells                   Type           Power      Damage    Failure   Level
 Foxfire                  Conj/Fire      0%         2x1d4     100%        1
 Call Canine Familiar     Summ           0%         N/A       100%        3
 Conjure Flame            Conj/Fire      0%         6-21      100%        3
 Inner Flame              Hex/Fire       0%         N/A       100%        3
 Portal Projectile        Hex/Tloc       0%         N/A       100%        3
 Flame Wave               Conj/Fire      0%         2d4       100%        4
 Leda's Liquefaction      Hex/Erth       0%         N/A       100%        4


Dungeon Overview and Level Annotations

Branches:
Dungeon (5/15)             Temple (0/1) D:4

Altars:
Xom

Shops:
D:4 *


Innate Abilities, Weirdness & Mutations

You have a pair of horns on your head.
You are partially covered in molten scales. (AC +2)


Message History

The ice beast barely misses you.
You hit the ice beast but do no damage.
You headbutt the ice beast, but do no damage.
The ice beast hits you. The ice beast freezes you!
You hit the ice beast but do no damage.
The ice beast hits you but does no damage.
You hit the ice beast.
The ice beast is lightly wounded.
You block the ice beast's attack.
You hit the ice beast.
The ice beast is lightly wounded.
The ice beast hits you. The ice beast freezes you.
You hit the ice beast.
The ice beast is moderately wounded.
The ice beast hits you but does no damage.
You hit the ice beast but do no damage.
The ice beast looks even sicker.
Your headbutt misses the ice beast.
The ice beast is moderately wounded.
The ice beast hits you. The ice beast freezes you!
You hit the ice beast but do no damage.
The ice beast is moderately wounded.
The ice beast barely misses you.
You completely miss the ice beast.
The ice beast is moderately wounded.
The ice beast hits you. The ice beast freezes you!
* * * LOW HITPOINT WARNING * * *
You completely miss the ice beast.
The ice beast is moderately wounded.
The ice beast hits you but does no damage.
You hit the ice beast.
The ice beast is heavily wounded.
The ice beast hits you but does no damage.
You closely miss the ice beast.
The ice beast is heavily wounded.
The ice beast hits you but does no damage.
Unknown command.
You feel yourself speed up. The ice beast hits you.
* * * LOW HITPOINT WARNING * * *
The ice beast freezes you!
You die...

#####.#####
+......#
##.....#
#.###.#
#.#...### #
#.###.#
#.....#
#####.# #@#
#Y# #.# #.#
#.# #.# ..#
###


You could see an ice beast (very poisoned).

Vanquished Creatures
  A kobold demonologist (D:5)
  A black bear (D:5)
  An ogre (D:5)
  A necrophage (D:5)
  A gnoll sergeant (D:4)
  An orc priest (D:5)
  A hound (D:4)
  Crazy Yiuf (D:2)
  2 iguanas
  Robin (D:4)
  4 gnolls
  11 adders
  A white imp (D:5)
  7 dart slugs
  7 orcs
  9 ball pythons
  5 bats
  10 endoplasms
  5 giant cockroaches
  23 goblins
  13 hobgoblins
  7 jackals
  5 quokkas
  A frilled lizard (D:1)
  7 kobolds
  7 rats
133 creatures vanquished.

Vanquished Creatures (others)
  2 fungi (D:1)
  2 plants (D:1)
4 creatures vanquished.

Grand Total: 137 creatures vanquished

Notes
Turn   | Place    | Note
-------+----------+-------------------------------------------
     0 | Abyss:1  | xian the Demonspawn Abyssal Knight began the quest for the
                  | Orb.
     0 | Abyss:1  | Reached XP level 1. HP: 18/18 MP: 2/2
     1 | D:1      | Escaped the Abyss
   342 | D:1      | Gained mutation: You are partially covered in molten
                  | scales. (AC +2) [demonic ancestry]
   342 | D:1      | Reached XP level 2. HP: 19/24 MP: 3/3
   441 | D:1      | Reached skill level 1 in Dodging
   764 | D:1      | Reached *** piety under Lugonu
   855 | D:1      | Reached XP level 3. HP: 28/29 MP: 4/4
  1462 | D:1      | Found a faded altar of an unknown god.
  1755 | D:2      | Reached XP level 4. HP: 35/35 MP: 6/6
  2042 | D:2      | Found a runed translucent door.
  2043 | D:2      | Noticed Crazy Yiuf
  2245 | D:2      | Killed Crazy Yiuf
  2421 | D:3      | Gained mutation: You have a pair of small horns on your
                  | head. [demonic ancestry]
  2421 | D:3      | Reached XP level 5. HP: 40/41 MP: 7/7
  2789 | D:3      | Reached **** piety under Lugonu
  3297 | D:4      | Reached skill level 1 in Shields
  3402 | D:4      | Found a shimmering altar of Xom.
  3669 | D:4      | Found a staircase to the Ecumenical Temple.
  3872 | D:4      | Reached XP level 6. HP: 47/47 MP: 8/8
  4026 | D:4      | Noticed Robin
  4049 | D:4      | Killed Robin
  4539 | D:4      | Found Soac's Serpentskin Sales.
  4539 | D:4      | Noticed a water moccasin
  4541 | D:4      | Banished a water moccasin
  4546 | D:4      | Bought a +0 hand axe of venom for 72 gold pieces
  4760 | D:5      | Entered Level 5 of the Dungeon
  5019 | D:5      | Reached XP level 7. HP: 53/53 MP: 10/10
  5068 | D:5      | Noticed a kobold demonologist
  5077 | D:5      | Killed a kobold demonologist
  5078 | D:5      | Reached skill level 5 in Axes
  5078 | D:5      | Reached skill level 5 in Invocations
  5634 | D:5      | Gained mutation: You have a pair of horns on your head.
                  | [demonic ancestry]
  5634 | D:5      | Reached XP level 8. HP: 38/61 MP: 12/12
  5827 | D:5      | Slain by an ice beast

Illustrated notes

Levels and vault maps discovered:
D:1:      dpeg_arrival_water_fire, layout_basic,
          shapermc_ecumenical_altar_hornbeckon, minmay_pentomino_w4
D:2:      layout_basic, nicolae_titane, uniq_crazy_yiuf_cottage
D:3:      layout_basic, serial_corexii_hall, corexii_hall_statues_x,
          chequers_hall_statues_y
D:4:      kennysheep_goblin_castle, layout_layer_cave, xom_teletrap_fun,
          minmay_temple_entry_mist, st_stairs_10, guppyfry_shop_venom
D:5:      layout_basic

Skill      XL: |  1  2  3  4  5  6  7 |
---------------+----------------------+-----
Axes           | 2 3 4 5 |  5.4
Dodging        | 1 2 |  2.4
Armour         | 2 3 |  3.7
Invocations    | 3 4 5 |  5.8
Shields        | 1 2 |  2.6
Fighting       | 4 |  4.4
Stealth        | |  0.3

Action                   |  1- 3 |  4- 6 |  7- 9 || total
-------------------------+-------+-------+-------++-------
Melee: Hand axe          |   152 |   215 |    71 ||   438
       Punch             |     1 |       |       ||     1
       Headbutt          |       |    17 |    14 ||    31
Invok: Banish            |       |     1 |       ||     1
  Use: Scroll            |       |     8 |       ||     8
       Potion            |       |       |     1 ||     1
 Stab: Sleeping          |     1 |       |       ||     1
Armor: Leather armour    |    87 |    76 |       ||   163
       Chain mail        |       |    78 |    50 ||   128
       Ring mail         |       |     1 |       ||     1
Dodge: Dodged            |   119 |    91 |    32 ||   242
Block: Kite shield       |     6 |   115 |       ||   121
       Buckler           |       |     2 |    10 ||    12
